 Dungeon Crawl Stone Soup version 0.28-a0-1199-gef9e1dbd39 (webtiles) character file.

Game seed: 5398289237836424319

443 ytrimaz the Insei (level 7, -11/45 HPs)
             Began as an Octopode Transmuter on Dec 20, 2021.
             Was an Initiate of Ashenzari.
             Mangled by an iguana (13 damage)
             ... on level 5 of the Dungeon.
             The game lasted 00:04:29 (5559 turns).

ytrimaz the Insei (Octopode Transmuter)             Turns: 5559, Time: 00:04:30

Health: -11/45     AC:  1    Str: 15    XL:     7   Next: 2%
Magic:  7/12       EV: 13    Int: 17    God:    Ashenzari [......]
Gold:   209        SH:  0    Dex: 13    Spells: 3/13 levels left

rFire   . . .      SeeInvis .     - Unarmed
rCold   . . .      Faith    .   (no shield)
rNeg    . . .      Spirit   .   (helmet restricted)
rPois   .          Reflect  .   g - amulet of the acrobat
rElec   .          Harm     .   b - +6 ring of strength
rCorr   .          Rampage  .   (no ring)
Will    .....                   (no ring)
Stlth   ++........              (no ring)
HPRegen 0.15/turn               (no ring)
MPRegen 0.13/turn               (no ring)
                                (no ring)
                                (no ring)

@: brilliant, lethally poisoned (-11 -> -15), attractive
A: almost no armour, amphibious, 8 rings, camouflage 1, gelatinous body 1,
(nimble swimmer 1), tentacles
a: Renounce Religion


You were on level 5 of the Dungeon.
You worshipped Ashenzari.
Ashenzari was noncommittal.
You visited 2 branches of the dungeon, and saw 6 of its levels.

You collected 209 gold pieces.

Inventory:

Missiles
 f - 4 throwing nets
Jewellery
 b - a +6 ring of strength (left tentacle)
 g - an amulet of the acrobat (around mantle)
Scrolls
 c - 2 scrolls of teleportation
Potions
 e - a potion of resistance {unknown}
 h - a potion of mutation {unknown}
 i - a potion of brilliance
 j - a potion of curing {unknown}


   Skills:
 * Level 2.4 Fighting
 * Level 3.0 Dodging
 + Level 4.2 Unarmed Combat
 * Level 3.8 Spellcasting
 * Level 3.6 Transmutations
 * Level 2.3 Poison Magic


You had 3 spell levels left.
You knew the following spells:

 Your Spells              Type           Power      Damage    Failure   Level
a - Beastly Appendage     Tmut           46%        N/A       3%          1
b - Wereblood             Tmut           23%        N/A       5%          2
c - Spider Form           Tmut/Pois      20%        N/A       14%         3
d - Ice Form              Ice/Tmut       14%        N/A       58%         4

Your spell library contained the following spells:

 Spells                   Type           Power      Damage    Failure   Level
 Magic Dart               Conj           16%        1d3       16%         1
 Ignite Poison            Fire/Tmut/Pois 15%        N/A       22%         3
 Call Imp                 Summ           4%         N/A       24%         2
 Mephitic Cloud           Conj/Pois/Air  8%         N/A       34%         3
 Gell's Gravitas          Tloc           4%         N/A       43%         3
 Lesser Beckoning         Tloc           4%         N/A       43%         3
 Teleport Other           Tloc           4%         N/A       43%         3
 Freezing Cloud           Conj/Ice/Air   2%         6-21      99%         5


Dungeon Overview and Level Annotations

Branches:
Dungeon (5/15)             Temple (1/1) D:4

Altars:
Ashenzari
Cheibriados
Dithmenos
Elyvilon
Gozag
Hepliaklqana
Kikubaaqudgha
Makhleb
Nemelex Xobeh
Qazlal
Ru
Sif Muna
Trog
Uskayaw
Vehumet
Xom
Yredelemnul
Zin

Shops:
D:1 =

Annotations:
D:3 1 runed translucent door, Adrian566's ghost, amateur TrFi


Innate Abilities, Weirdness & Mutations

You cannot wear most types of armour.
You are amphibious.
You can wear up to eight rings at the same time.
Your skin changes colour to match your surroundings (Stealth+).
Your rubbery body absorbs attacks. (AC +1, EV +1)
((You are camouflaged near water. (Stealth+)))
You have tentacles for arms and can constrict up to eight enemies at once.


Message History

A hound comes into view.
Casting: Beastly Appendage (safe; 3% risk of failure)
Confirm with . or Enter, or press ? or * to list all spells.
Your tentacle spike disappears.
You turn into a venomous arachnid creature.
The kobold shouts! x2; The hound barks!
The kobold throws a stone.
The stone barely misses you.
The kobold brigand throws a curare-tipped dart.
The curare-tipped dart hits you.
You are poisoned.
You have difficulty breathing.
You feel yourself slow down.
A kobold comes into view. It is wielding a +0 dagger of speed.
You feel extremely sick.
You feel very sick.
Casting: Spider Form (quite dangerous; 32% risk of failure)
Confirm with . or Enter, or press ? or * to list all spells.
Your blood is infused with primal strength.
You feel very sick. The iguana bites you!
* * * LOW HITPOINT WARNING * * *
The iguana closely misses you.
Unknown command.
It was a potion of cancellation.
Your magical effects are unravelling.
You feel magically purged.
Your transformation has ended.
You feel yourself speed up.
Your primal bloodlust has ended.
* * * LOW HITPOINT WARNING * * *
You feel very sick. The iguana completely misses you.
It was a potion of attraction.
You feel attractive to monsters.
* * * LOW HITPOINT WARNING * * *
You feel sick. The iguana completely misses you. The worm misses you.
Unknown command.
It was a potion of brilliance.
You feel clever all of a sudden.
* * * LOW HITPOINT WARNING * * *
You feel sick. The iguana bites you!
You die...

#.# .. #.## ..### #<.#
##...## ##.####.....##
#### ##...##....^.^####
...K.
.....#.^^.^...^#.##....K.
######......^^..KK.KK..K.
# #.....^..^(.wl#.......
#).....^^....@##w.....
###.#....>....### ......
##...##^..^^..## ..h..
...#.###....[## .....
####.####...## .... #
#........# ....
##########


You could see a worm, an iguana and 2 kobolds.

Vanquished Creatures
  An ogre (D:4)
  A centaur (D:5)
  A kobold brigand (D:4)
  A water moccasin skeleton (D:4)
  A hound skeleton (D:4)
  2 adders
  2 adder skeletons (D:4)
  9 worms
  2 dart slugs (D:1)
  6 orcs
  6 bats
  10 endoplasms
  6 giant cockroaches
  7 hobgoblins
  4 jackals (D:3)
  4 quokkas
  4 ball pythons
  4 frilled lizards
  5 goblins
  11 kobolds
  8 rats
95 creatures vanquished.

Vanquished Creatures (others)
  7 plants (D:4)
7 creatures vanquished.

Grand Total: 102 creatures vanquished

Notes
Turn   | Place    | Note
-------+----------+-------------------------------------------
     0 | D:1      | ytrimaz the Octopode Transmuter began the quest for the
                  | Orb.
     0 | D:1      | Reached XP level 1. HP: 13/13 MP: 3/3
   253 | D:1      | Reached XP level 2. HP: 13/18 MP: 3/5
   412 | D:1      | Found Qemut's Jewellery Shop.
   491 | D:1      | Learned a level 2 spell: Wereblood
   762 | D:1      | Reached XP level 3. HP: 21/23 MP: 4/6
   766 | D:1      | Learned a level 3 spell: Spider Form
  1423 | D:2      | Found a faded altar of an unknown god.
  2544 | D:2      | Found a stormy altar of Qazlal.
  2627 | D:2      | Reached XP level 4. HP: 23/28 MP: 5/7
  3134 | D:3      | Found a burning altar of Makhleb.
  3235 | D:3      | Found a runed translucent door.
  3237 | D:3      | Noticed Adrian566's ghost (amateur TrFi)
  3460 | D:3      | Reached skill level 1 in Poison Magic
  3942 | D:4      | Noticed a kobold brigand
  3967 | D:4      | Killed a kobold brigand
  3968 | D:4      | Reached XP level 5. HP: 24/34 MP: 4/9
  4249 | D:4      | Noticed an ogre
  4257 | D:4      | Killed an ogre
  4258 | D:4      | Reached skill level 4 in Unarmed Combat
  4258 | D:4      | Reached XP level 6. HP: 39/39 MP: 6/11
  4769 | D:4      | Found a staircase to the Ecumenical Temple.
  5165 | Temple   | Entered the Ecumenical Temple
  5328 | Temple   | Became a worshipper of Ashenzari the Shackled
  5373 | D:5      | Entered Level 5 of the Dungeon
  5406 | D:5      | Learned a level 4 spell: Ice Form
  5423 | D:5      | Reached XP level 7. HP: 29/45 MP: 7/12
  5559 | D:5      | HP: 2/45 [poisoned by a kobold brigand (curare-tipped
                  | dart)]
  5559 | D:5      | Mangled by an iguana

Illustrated notes

Levels and vault maps discovered:
D:1:      minmay_arrival_four_loops, layout_basic, serial_shops, shop
D:2:      layout_basic, hellmonk_ecumenical_altar_lost_god, basic_altar,
          st_stairs_4
D:3:      layout_basic, mainiacjoe_overflow_24_doors, ebering_ghost_sewer_d
D:4:      layout_loops_ring, minmay_temple_entry_nine_rooms, st_stairs_3,
          lexackson_kobold_supper
D:5:      layout_rooms, jmf_multi_god_temple, nicolae_wormholes
Temple:   nicolae_temple_elliptical

Skill      XL: |  1  2  3  4  5  6 |
---------------+-------------------+-----
Poison Magic   | 1 2 |  2.3
Spellcasting   | 3 |  3.8
Transmutations | 3 |  3.6
Fighting       | 2 |  2.4
Unarmed Combat | 4 |  4.2
Dodging        | 3 |  3.0

Action                   |  1- 3 |  4- 6 |  7- 9 || total
-------------------------+-------+-------+-------++-------
Melee: Unarmed           |    94 |   108 |     5 ||   207
       Constrict         |    29 |    22 |     2 ||    53
       Tentacles         |    17 |    22 |     1 ||    40
       Kick              |    18 |    18 |       ||    36
       Punch             |     4 |     1 |       ||     5
 Cast: Beastly Appendage |    28 |    24 |     1 ||    53
       Spider Form       |       |     4 |     1 ||     5
       Wereblood         |       |     2 |     1 ||     3
  Use: Scroll            |     2 |     4 |       ||     6
       Potion            |       |       |     3 ||     3
 Stab: Sleeping          |     2 |     9 |       ||    11
Armor: Skin              |    11 |     3 |       ||    14
Dodge: Dodged            |    49 |    71 |     8 ||   128

Table legend: (Time is in decaauts)
 A = Elapsed time spent in this place.
 B = Non-inter-level travel time spent in this place.
 C = Inter-level travel time spent in this place.
 D = Time resting spent in this place.
 E = Time spent auto-exploring this place.
 F = Levels seen in this place.
 G = Mean time per level.
                   A        B        C        D        E       F      G
               +--------+--------+--------+--------+--------+-----+--------+
         Total |   5546 |   5405 |    141 |    274 |   4390 |   6 |  924.3 |
       Dungeon |   5362 |   5246 |    116 |    274 |   4248 |   5 | 1072.4 |
        Temple |    183 |    158 |     25 |      0 |    142 |   1 |  183.0 |
               +--------+--------+--------+--------+--------+-----+--------+

Top non-repeatable levels by time:
     D:2: 1894 daAuts
     D:4: 1500 daAuts
     D:1: 1015 daAuts
     D:3: 766 daAuts
     D:5: 186 daAuts
  Temple: 183 daAuts
